 Dungeon Crawl Stone Soup version 0.21-a0-286-g6fcecc0 (webtiles) character file.

186 Ijustatesigmund the Skirmisher (level 5, -7/39 HPs)
             Began as an Octopode Fighter on Sept 26, 2017.
             Mangled by a two-headed ogre
             ... wielding a +1 dire flail of protection
              (20 damage)
             ... on level 3 of the Dungeon.
             The game lasted 00:04:28 (2266 turns).

Ijustatesigmund the Skirmisher (Octopode Fighter)   Turns: 2266, Time: 00:04:30

Health: -7/39      AC:  2    Str: 16    XL:     5   Next: 65%
Magic:  5/5        EV: 11    Int: 10    God:
Gold:   189        SH:  9    Dex: 12    Spells: 4/4 levels left

rFire    . . .     SeeInvis .   a - +1 flail
rCold    . . .     Gourm    .   b - +1 shield
rNeg     . . .     Faith    .   (helmet restricted)
rPois    .         Spirit   .   (no amulet)
rElec    .         Reflect  .   e - ring of flight
rCorr    .         Harm     .   h - +1 ring of protection
MR       .....                  (no ring)
Stlth    ++........             (no ring)
HPRegen  0.13/turn              (no ring)
MPRegen  0.09/turn              (no ring)
                                (no ring)
                                (no ring)

@: no status effects
A: almost no armour, stealthy swim, amphibious, 8 rings, constrict 8, camouflage
1, gelatinous body 1
a: Evoke Flight


You were on level 3 of the Dungeon.
You were not hungry.

You visited 1 branch of the dungeon, and saw 3 of its levels.

You collected 189 gold pieces.

Inventory:

Hand Weapons
 a - a +1 flail (weapon)
 i - a cursed -3 mace
Armour
 b - a +1 shield (worn)
Jewellery
 e - a ring of flight (left tentacle)
 h - a +1 ring of protection (right tentacle)
Scrolls
 c - 4 scrolls of identify
 j - 3 scrolls of teleportation
Potions
 g - a potion of might
 k - a potion of heal wounds {unknown}
 m - a potion of degeneration {unknown}
 n - a potion of cancellation {unknown}
Comestibles
 d - 4 bread rations
 f - 2 royal jellies
 l - a chunk of flesh


   Skills:
 + Level 5.0 Fighting
 + Level 4.0 Maces & Flails
 - Level 3.0 Dodging
 - Level 3.0 Shields


You had 4 spell levels left.
You didn't know any spells.

Dungeon Overview and Level Annotations

Branches:
Dungeon (3/15)

Altars:


Innate Abilities, Weirdness & Mutations

You cannot wear most types of armour.
You are very stealthy in the water. (Stealth+)
You are amphibious.
You can wear up to eight rings at the same time.
You can use your tentacles to constrict eight enemies at once.
Your skin changes colour to match your surroundings (Stealth+).
Your rubbery body absorbs attacks. (AC +1, EV +1)


Message History

No reachable target in view!
No reachable target in view!
No reachable target in view!
No reachable target in view!
No reachable target in view!
A hobgoblin is nearby!
A two-headed ogre comes into view.
It is wielding a dire flail of protection and a giant club.
The helpless two-headed ogre fails to defend itself.
You hit the two-headed ogre.
The two-headed ogre is lightly wounded.
The hobgoblin shouts!
The two-headed ogre misses you.
The two-headed ogre hits you with a giant club!
You sock the two-headed ogre! You squeeze the two-headed ogre.
The two-headed ogre is moderately wounded.
You hear the rusting of a distant drain.
The two-headed ogre hits you with a dire flail of protection!
The two-headed ogre hits you with a giant club!!
Ouch! That really hurt!
You die...

+.....+#.#.# #...
#.....#.....#.#.#.#.#..
#............#.#.#.#...
#...........#.#.#.#.#..
#..... #.....#.#.#.....
#..... +....#.#.#.#....
#.....+#?...+#.#.#.....
#....O#.........#.#...#
#....g@#.......#.#†...†
###.#.#.#.......#.#.#.#
#.#.#.#+#...#.#.#.#.
#.#.#+#+#....+#.#.#.#
##.. ..#...#.#.#.#. #.#
....#.#.#.#.... ##
...#.#.#.#.#...
...#.#........
#.......#.


You could see a two-headed ogre and a hobgoblin.

Vanquished Creatures
  A scorpion (D:2)
  3 gnolls (D:3)
  3 adders
  An ooze (D:2)
  A dart slug (D:2)
  5 leopard geckos
  An orc (D:3)
  12 giant cockroaches (D:2)
  8 goblins
  7 hobgoblins
  5 kobolds
  9 bats
  5 frilled lizards
  6 rats
67 creatures vanquished.

Notes
Turn   | Place    | Note
-------+----------+-------------------------------------------
     0 | D:1      | Ijustatesigmund the Octopode Fighter began the quest for the Orb.
     0 | D:1      | Reached XP level 1. HP: 16/16 MP: 1/1
   262 | D:1      | Reached XP level 2. HP: 21/21 MP: 2/2
   797 | D:2      | Reached XP level 3. HP: 20/26 MP: 3/3
   969 | D:2      | Reached skill level 4 in Fighting
  1107 | D:2      | Reached XP level 4. HP: 31/33 MP: 4/4
  1603 | D:2      | Reached XP level 5. HP: 38/38 MP: 5/5
  2220 | D:3      | Reached skill level 5 in Fighting
  2264 | D:3      | Noticed a two-headed ogre
  2266 | D:3      | Mangled by a two-headed ogre

Vault maps used:
D:1:      lightli_arrival_windingriver
D:2:      minmay_roachtagon, minmay_goblin_kobold_house
D:3:      portal_sewer_entry_b, serial_corexii_hall, corexii_hall_statues_i,
          corexii_hall_statues_l

Skill      XL: |  1  2  3  4  5 |
---------------+----------------+-----
Fighting       | 4 5 |  5.0
Maces & Flails | 3 4 |  4.0
Dodging        | |  3.0
Shields        | |  3.0

Action                   |  1- 3 |  4- 6 || total
-------------------------+-------+-------++-------
Melee: Flail             |    60 |    52 ||   112
       Constrict         |    18 |    10 ||    28
       Tentacles         |     9 |     4 ||    13
  Use: Scroll            |     4 |     1 ||     5
       Potion            |     2 |       ||     2
 Stab: Sleeping          |     8 |     5 ||    13
       Invisible         |     1 |       ||     1
  Eat: Chunk             |     1 |     3 ||     4
Armor: Skin              |     8 |     4 ||    12
Dodge: Dodged            |    30 |    24 ||    54
Block: Shield            |    28 |    24 ||    52

Table legend:
 A = Spawn XP
 B = Non-spawn XP
 C = Spawn XP percentage of total XP
 D = Spawn monster count
 E = Non-spawn monster count
 F = Spawn count percentage of total count
 G = Total turns spent on level
                    A         B        C        D         E        F      G
               +---------+---------+-------+---------+---------+-------+---------
         Total |       0 |     266 |   0.0 |       0 |      67 |   0.0 |  2266
               +---------+---------+-------+---------+---------+-------+---------
           D:1 |       0 |      20 |   0.0 |       0 |      13 |   0.0 |   785
           D:2 |       0 |     173 |   0.0 |       0 |      40 |   0.0 |  1186
           D:3 |       0 |      73 |   0.0 |       0 |      14 |   0.0 |   295
               +---------+---------+-------+---------+---------+-------+---------
